 Dungeon Crawl Stone Soup version 0.28-a0-48-gfd831c5874 (webtiles) character file.

Game seed: 14580310901837448792

109 Spectrina the Sneak (level 4, -1/27 HPs)
             Began as a Deep Elf Delver on July 29, 2021.
             Was a Believer of Vehumet.
             Slain by a kobold (2 damage)
             ... on level 2 of the Dungeon.
             The game lasted 00:08:54 (1081 turns).

Spectrina the Sneak (Deep Elf Delver)               Turns: 1081, Time: 00:08:54

Health: -1/27      AC:  4    Str:  9    XL:     4   Next: 59%
Magic:  0/9        EV: 12    Int: 16    God:    Vehumet [**....]
Gold:   78         SH:  0    Dex: 16    Spells: 0/8 levels left

rFire   . . .      SeeInvis .   a - +0 short sword
rCold   . . .      Faith    .   (no shield)
rNeg    . . .      Spirit   .   b - +0 leather armour
rPois   .          Reflect  .   (no helmet)
rElec   .          Harm     .   (no cloak)
rCorr   .          Rampage  .   (no gloves)
Will    .....                   j - +0 pair of boots
Stlth   ++++......              (no amulet)
HPRegen 0.09/turn               (no ring)
MPRegen 0.11/turn               (no ring)

@: very slightly contaminated
A: no striking features
a: Renounce Religion


You were on level 2 of the Dungeon.
You worshipped Vehumet.
Vehumet was pleased with you.
You visited 1 branch of the dungeon, and saw 5 of its levels.

You collected 78 gold pieces.

Inventory:

Hand Weapons
 a - a +0 short sword (weapon)
Missiles
 i - 52 sling bullets
 n - 30 arrows
 o - 22 stones (quivered)
Armour
 b - a +0 leather armour (worn)
 j - a +0 pair of boots (worn)
Wands
 g - a wand of digging (3)
Scrolls
 c - a scroll of fog
 d - a scroll of magic mapping
 e - a scroll of fear
 k - 5 scrolls of identify {unknown}
 l - a scroll of blinking {unknown}
Potions
 f - a potion of haste
 h - 2 potions of curing
 m - a potion of berserk rage {unknown}


   Skills:
 - Level 2.4 Fighting
 - Level 2.0 Short Blades
 - Level 2.4 Dodging
 - Level 7.5 Stealth
 + Level 2.6 Spellcasting
 + Level 0.5 Conjurations
 * Level 1.1 Necromancy
 + Level 1.0 Earth Magic


You couldn't memorise any spells.
You knew the following spells:

 Your Spells              Type           Power      Damage    Failure   Level
a - Magic Dart            Conj           12%        1d3       22%         1
c - Vampiric Draining     Necr           2%         2d6       45%         3
f - Sandblast             Erth           10%        2d5       19%         1
m - Animate Skeleton      Necr           10%        N/A       17%         1
q - Freeze                Ice            8%         1d3       28%         1
s - Pain                  Necr           20%        1d5       17%         1

Your spell library contained the following spells:

 Spells                   Type           Power      Damage    Failure   Level
 Call Imp                 Summ           2%         N/A       38%         2
 Mephitic Cloud           Conj/Pois/Air  2%         N/A       61%         3


Dungeon Overview and Level Annotations

Branches:
Dungeon (5/15)
 Temple: D:4-7

Altars:
Vehumet

Shops:
D:1 (

Annotations:
D:4 1 runed translucent door, Dittersdorf's ghost, amateur GrFi


Message History

Confirm with . or Enter, or press ? or * to list all spells.
Aiming: Sandblast (safe; 19% risk of failure)
Press: ? - help, Shift-Dir - straight line, f/p - kobold
Aim: a kobold, wielding a +2 short sword of freezing (72% to hit)
The blast of sand misses the kobold.
o - 24 stones The kobold hits you with a +2 short sword of freezing.
* * * LOW HITPOINT WARNING * * *
The kobold freezes you.
* * * LOW HITPOINT WARNING * * *
It was a potion of curing.
You feel better.
The kobold hits you with a +2 short sword of freezing.
* * * LOW HITPOINT WARNING * * *
The kobold freezes you.
* * * LOW HITPOINT WARNING * * *
A hobgoblin comes into view.
The helpless hobgoblin fails to defend itself.
You impale the hobgoblin!!
You kill the hobgoblin!
Vehumet accepts your kill.
You feel your power returning.
Casting: Sandblast (safe; 19% risk of failure)
Confirm with . or Enter, or press ? or * to list all spells.
Aiming: Sandblast (safe; 19% risk of failure)
Press: ? - help, Shift-Dir - straight line, f/p - kobold
Aim: a kobold, wielding a +2 short sword of freezing (72% to hit)
The blast of sand misses the kobold.
o - 23 stones The kobold barely misses you.
Casting: Sandblast (safe; 19% risk of failure)
Confirm with . or Enter, or press ? or * to list all spells.
Aiming: Sandblast (safe; 19% risk of failure)
Press: ? - help, Shift-Dir - straight line, f/p - kobold
Aim: a kobold, wielding a +2 short sword of freezing (72% to hit)
The blast of sand hits the kobold but does no damage.
o - 22 stones The kobold hits you with a +2 short sword of freezing.
* * * LOW HITPOINT WARNING * * *
The kobold freezes you.
You die...

##################
.........†.......#
...#....####.....#
...#...)# ###...#
).##....# ##..#
###
..###.....h.[##..#
#.. .##
#...#....###.# #..
## #...#..Kg# #K#
#.. # ##..# ...#
#@# #.. #### #..#
##.# #.# #.#
†..####.. .....#
#.# †)...###.
..... #.# ......##
....# #.# .####..#
#....# ..#
...##..## ####.#
#... ....#...# ..#
#... ....#...#
....


You could see a kobold.

Vanquished Creatures
  A jelly (D:3)
  A gnoll (D:1)
  2 adders
  6 ball pythons
  6 bats
  An endoplasm (D:1)
  2 giant cockroaches
  5 goblins
  4 hobgoblins
  5 jackals
  5 quokkas
  4 frilled lizards (D:1)
  3 kobolds
  6 rats
51 creatures vanquished.

Notes
Turn   | Place    | Note
-------+----------+-------------------------------------------
     0 | D:5      | Spectrina the Deep Elf Delver began the quest for the Orb.
     0 | D:5      | Reached XP level 1. HP: 13/13 MP: 3/3
    54 | D:4      | Found a runed translucent door.
    56 | D:4      | Noticed Dittersdorf's ghost (amateur GrFi)
   112 | D:3      | Reached XP level 2. HP: 7/18 MP: 4/4
   124 | D:3      | Reached skill level 7 in Stealth
   124 | D:3      | Reached XP level 3. HP: 10/22 MP: 5/5
   218 | D:3      | Learned a level 1 spell: Animate Skeleton
   220 | D:3      | Learned a level 1 spell: Pain
   339 | D:1      | Reached skill level 1 in Spellcasting
   384 | D:1      | Found a faded altar of an unknown god.
   393 | D:1      | Became a worshipper of Vehumet
   393 | D:1      | Reached * piety under Vehumet
   393 | D:1      | Offered knowledge of Sandblast by Vehumet.
   397 | D:1      | Learned a level 1 spell: Sandblast
   412 | D:1      | Found Xabrof's Weapon Shoppe.
   565 | D:1      | Learned a level 3 spell: Vampiric Draining
   657 | D:1      | Reached XP level 4. HP: 12/27 MP: 9/9
   785 | D:2      | Learned a level 1 spell: Magic Dart
   815 | D:2      | Offered knowledge of Freeze by Vehumet.
   863 | D:2      | Reached ** piety under Vehumet
   866 | D:2      | Reached skill level 1 in Necromancy
  1013 | D:2      | Learned a level 1 spell: Freeze
  1062 | D:2      | Reached skill level 1 in Earth Magic
  1081 | D:2      | HP: 1/27 [kobold (5)]
  1081 | D:2      | Slain by a kobold

Illustrated notes

Levels and vault maps discovered:
D:1:      minmay_arrival_jagged, layout_loops_ring, serial_shops, shop,
          dreamdust_ecumenical_altar_sealed_demon
D:2:      minmay_recursive_quarters, layout_basic
D:3:      layout_basic, uniq_grinder, uniq_sigmund
D:4:      layout_basic, minmay_temple_entry_nine_rooms,
          ebering_ghost_reflecting_pool
D:5:      layout_gridville, ebering_ghost_sewer_f

Skill      XL: |  1  2  3  4 |
---------------+-------------+-----
Stealth        | 7 |  7.5
Spellcasting   | 2 |  2.6
Necromancy     | 1 |  1.1
Earth Magic    | 1 |  1.0
Fighting       | |  2.4
Short Blades   | |  2.0
Dodging        | |  2.4
Conjurations   | |  0.5

Action                   |  1- 3 |  4- 6 || total
-------------------------+-------+-------++-------
Melee: Short sword       |    91 |    76 ||   167
 Cast: Pain              |     7 |     5 ||    12
       Magic Dart        |       |     9 ||     9
       Sandblast         |       |     7 ||     7
       Animate Skeleton  |       |     1 ||     1
       Freeze            |       |     1 ||     1
  Use: Potion            |       |     1 ||     1
 Stab: Sleeping          |     7 |     8 ||    15
Armor: Leather armour    |    31 |    22 ||    53
Dodge: Dodged            |    50 |    59 ||   109

Table legend: (Time is in decaauts)
 A = Elapsed time spent in this place.
 B = Non-inter-level travel time spent in this place.
 C = Inter-level travel time spent in this place.
 D = Time resting spent in this place.
 E = Time spent auto-exploring this place.
 F = Levels seen in this place.
 G = Mean time per level.
                   A        B        C        D        E       F      G
               +--------+--------+--------+--------+--------+-----+--------+
         Total |   1081 |   1064 |     17 |      0 |      0 |   5 |  216.2 |
       Dungeon |   1081 |   1064 |     17 |      0 |      0 |   5 |  216.2 |
               +--------+--------+--------+--------+--------+-----+--------+

Top non-repeatable levels by time:
     D:1: 471 daAuts
     D:2: 387 daAuts
     D:3: 120 daAuts
     D:4: 92 daAuts
     D:5: 9 daAuts
